 Dungeon Crawl Stone Soup version 0.24.0-123-gd5b16e6ec5 (webtiles) character file.

Game seed: 2908137244190189902, levelgen mode: deterministic

8708 LordRappington the Severer (level 11, -2/82 HPs)
             Began as a Minotaur Berserker on Jan 20, 2020.
             Was a High Priest of Trog.
             Slain by an eight-headed hydra (8 damage)
             ... on level 11 of the Dungeon.
             The game lasted 00:36:19 (9380 turns).

LordRappington the Severer (Minotaur Berserker)     Turns: 9380, Time: 00:36:22

Health: -2/82      AC: 18    Str: 22    XL:     11   Next: 13%
Magic:  19/19      EV:  8    Int:  7    God:    Trog [*****.]
Gold:   1275       SH:  0    Dex: 14    Spells: 10/10 levels left

rFire    . . .     SeeInvis .   g - +0 trident (curse)
rCold    . . .     Gourm    .   (no shield)
rNeg     . . .     Faith    .   D - +0 plate armour
rPois    .         Spirit   .   (helmet restricted)
rElec    .         Reflect  .   (no cloak)
rCorr    .         Harm     .   m - +0 pair of gloves
MR       ++...                  k - +0 pair of boots
Stlth    ..........             (no amulet)
HPRegen  1.23/turn              G - ring of magical power
MPRegen  0.16/turn              B - +4 ring of dexterity

@: regenerating
A: retaliatory headbutt, horns 2
a: Berserk, Trog's Hand, Brothers in Arms, Renounce Religion


You were on level 11 of the Dungeon.
You worshipped Trog.
Trog was extremely pleased with you.
You were hungry.

You visited 1 branch of the dungeon, and saw 11 of its levels.
You also visited: Sewer and Bailey.

You collected 1275 gold pieces.

Inventory:

Hand Weapons
 g - a cursed +0 trident (weapon)
 i - a +1 vampiric war axe
 E - the +9 heavy crossbow "Sniper" {velocity, Acc+∞ SInv}
   (You found it in a bailey)

   Any bolt fired from it inflicts extra damage.
   It lets you see invisible.
 J - a +1 halberd
Missiles
 n - 12 javelins (quivered)
 q - 38 poisoned darts
 y - 3 silver javelins
Armour
 k - a +0 pair of boots (worn)
 m - a +0 pair of gloves (worn)
 D - a +0 plate armour (worn)
Jewellery
 x - an uncursed ring of ice
 B - a +4 ring of dexterity (right hand)
 F - an uncursed amulet of faith
 G - a ring of magical power (left hand)
 L - an uncursed ring of fire {unknown}
Wands
 z - a wand of paralysis (7)
 A - a wand of digging (7)
 H - a wand of clouds (3)
 I - a wand of enslavement (6)
 K - a wand of iceblast (8)
Scrolls
 b - 4 scrolls of teleportation
 d - 2 scrolls of amnesia
 e - 3 scrolls of fear
 s - a scroll of immolation
 t - a scroll of fog
 u - 3 scrolls of magic mapping
 v - 6 scrolls of identify
 C - 5 scrolls of remove curse
Potions
 f - 2 potions of mutation {unknown}
 h - 4 potions of curing
 j - 8 potions of magic
 l - 2 potions of flight {unknown}
 o - a potion of haste {unknown}
 p - 7 potions of heal wounds
 r - 3 potions of brilliance {unknown}
 w - a potion of agility {unknown}
Comestibles
 a - a chunk of flesh
 c - 13 rations


   Skills:
 - Level 3.6 Fighting
 + Level 15.9 Axes
 * Level 12.3 Armour
 - Level 2.1 Dodging


You had 10 spell levels left.
You didn't know any spells.
Your spell library was empty.

Dungeon Overview and Level Annotations

Branches:
Dungeon (11/15)            Temple (0/1) D:6            Lair (0/6) D:8
  Sewer (visited)          Bailey (visited)
    Orc: D:9-12

Altars:
Cheibriados
Okawaru
Ru
Sif Muna
Xom
Yredelemnul

Shops:
D:7 (

Annotations:
D:10 2 transporters, viktor89's ghost, novice MfSu
D:11 1 transporter, 1 runed translucent door


Innate Abilities, Weirdness & Mutations

You reflexively headbutt those who attack you in melee.
You have a pair of horns on your head.


Message History

You hit the eight-headed hydra. You headbutt the eight-headed hydra!
The eight-headed hydra is heavily wounded.
The eight-headed hydra barely misses you.
The eight-headed hydra bites you but does no damage.
The eight-headed hydra bites you. x3
The eight-headed hydra bites you but does no damage.
The eight-headed hydra bites you! x2
Your skin crawls.
You feel resistant to hostile enchantments.
You feel somewhat more hungry. The eight-headed hydra bites you! x2
* * * LOW HITPOINT WARNING * * *
The eight-headed hydra bites you but does no damage. x2
The eight-headed hydra bites you.
* * * LOW HITPOINT WARNING * * *
The eight-headed hydra bites you.
* * * LOW HITPOINT WARNING * * *
The eight-headed hydra bites you.
* * * LOW HITPOINT WARNING * * *
The eight-headed hydra bites you!
You die...

#.# #..# ##
#.# ##.# .# #
#.# #.# .. ©.
#.# #.# .#
... #.# #.#
.##.. #.#
#.## ... ..#
#..#######.##
.##
##...##.÷...#
.#
###...)#@#.#
### ###..#D#
.# ..#
##.##c## #
#<# #..#.FZ#
#.# #.##..T##
#.. ..#.#+#W#
..##
#.##.#Q#.##
...
..#(##O##o#
.##
..##.#.O.#(##


You could see an eight-headed hydra, an orc knight, a tengu warrior, a centaur
warrior, a two-headed ogre, a freezing wraith, a troll, a bullfrog and a centaur
zombie.

Vanquished Creatures
  A two-headed ogre (D:10)
  A centaur warrior (D:11)
  An unseen horror (D:11)
  A troll (D:9)
  Prince Ribbit (D:5)
  Grinder (D:6)
  A hippogriff (D:10)
  Sigmund (D:5)
  Grum (D:8)
  A hungry ghost (D:7)
  Duvessa (D:5)
  6 orc warriors
  2 ice beasts
  A black bear (D:9)
  A sky beast (D:10)
  A phantom (D:6)
  4 wolves
  2 centaurs
  5 ogres
  Blork the orc (D:6)
  A big kobold (D:10)
  5 bullfrogs
  Dowan (D:5)
  A wyvern skeleton (D:10)
  5 scorpions
  8 killer bees
  4 wights (D:11)
  3 howler monkeys
  An electric eel (D:7)
  6 crimson imps
  8 hounds
  2 centaur zombies
  3 orc priests
  5 jellies
  2 bullfrog skeletons
  3 iguanas
  Natasha (thrice) (D:2)
  8 orc wizards
  10 worker ants
  A hound zombie (D:8)
  A hound skeleton (D:8)
  4 gnolls
  17 adders
  5 river rats (Sewer)
  An ooze (D:2)
  An adder zombie (D:6)
  An adder skeleton (D:4)
  3 worms
  2 dart slugs
  10 leopard geckos
  24 orcs
  13 ball pythons
  6 giant cockroaches
  12 goblins
  12 hobgoblins
  13 jackals
  7 kobolds
  4 quokkas
  A ball python skeleton (D:4)
  4 bats
  10 frilled lizards
  26 rats
291 creatures vanquished.

Vanquished Creatures (others)
  An orc wizard (D:4)
  5 plants (D:11)
6 creatures vanquished.

Grand Total: 297 creatures vanquished

Notes
Turn   | Place    | Note
-------+----------+-------------------------------------------
     0 | D:1      | LordRappington the Minotaur Berserker began the quest for
                  | the Orb.
     0 | D:1      | Reached XP level 1. HP: 19/19 MP: 0/0
    61 | D:1      | Reached skill level 4 in Axes
   130 | D:1      | Reached XP level 2. HP: 25/26 MP: 1/1
   368 | D:1      | Reached ** piety under Trog
   390 | D:1      | Reached skill level 5 in Axes
   695 | D:2      | Reached XP level 3. HP: 31/31 MP: 2/2
   748 | D:2      | Noticed Natasha
   757 | D:2      | Killed Natasha
   807 | D:2      | Found a basalt altar of Yredelemnul.
   947 | D:2      | Found a sacrificial altar of Ru.
   985 | D:2      | Reached skill level 6 in Axes
   985 | D:2      | Reached XP level 4. HP: 39/39 MP: 3/3
  1040 | D:2      | Noticed Natasha
  1048 | D:2      | Killed Natasha
  1375 | D:2      | Noticed Natasha
  1379 | D:2      | Killed Natasha
  1547 | D:3      | Found a shimmering altar of Xom.
  1549 | D:3      | Found a shimmering altar of Xom.
  1549 | D:3      | Found a shimmering altar of Xom.
  1566 | D:3      | Reached skill level 7 in Axes
  1566 | D:3      | Reached XP level 5. HP: 44/45 MP: 4/4
  1647 | D:3      | Found a shimmering altar of Xom.
  1649 | D:3      | Found a shimmering altar of Xom.
  1649 | D:3      | Found a shimmering altar of Xom.
  1789 | D:3      | Found a glowing drain.
  1807 | Sewer    | Entered a sewer
  1840 | Sewer    | Reached *** piety under Trog
  1917 | Sewer    | Reached skill level 8 in Axes
  1984 | Sewer    | Reached XP level 6. HP: 26/51 MP: 5/5
  2053 | Sewer    | Reached skill level 9 in Axes
  2053 | Sewer    | Reached **** piety under Trog
  2550 | D:3      | Received a gift from Trog
  2799 | D:4      | Reached XP level 7. HP: 48/57 MP: 6/6
  2866 | D:4      | Reached skill level 10 in Axes
  3533 | D:4      | Found an iron altar of Okawaru.
  3693 | D:5      | Entered Level 5 of the Dungeon
  3771 | D:5      | Received a gift from Trog
  3771 | D:5      | Reached skill level 11 in Axes
  4057 | D:5      | Noticed Sigmund
  4065 | D:5      | Killed Sigmund
  4065 | D:5      | Reached XP level 8. HP: 41/64 MP: 7/7
  4104 | D:5      | Noticed Prince Ribbit
  4113 | D:5      | Killed Prince Ribbit
  4113 | D:5      | Reached skill level 12 in Axes
  4331 | D:5      | Noticed Duvessa
  4334 | D:5      | Noticed Dowan
  4337 | D:5      | Killed Duvessa
  4345 | D:5      | Killed Dowan
  4391 | D:5      | Found a shimmering blue altar of Sif Muna.
  4802 | D:6      | Reached skill level 13 in Axes
  4909 | D:6      | Reached skill level 5 in Armour
  5111 | D:6      | Found a staircase to the Ecumenical Temple.
  5145 | D:6      | Noticed Blork the orc
  5152 | D:6      | Killed Blork the orc
  5152 | D:6      | Reached XP level 9. HP: 68/70 MP: 8/8
  5332 | D:6      | Noticed Grinder
  5337 | D:6      | Paralysed by Grinder for 6 turns
  5345 | D:6      | Killed Grinder
  5641 | D:7      | Found Ucynysudgh's Weapon Shoppe.
  5676 | D:7      | Found a flagged portal.
  5681 | D:7      | Reached ***** piety under Trog
  5687 | Bailey   | Entered a bailey
  5946 | Bailey   | Found the +9 heavy crossbow "Sniper" {velocity, Acc+∞ SInv}
  6187 | Bailey   | Found an iron altar of Okawaru.
  6277 | D:7      | Reached skill level 14 in Axes
  6829 | D:8      | Found a staircase to the Lair.
  6964 | D:8      | Found a snail-covered altar of Cheibriados.
  7378 | D:8      | Noticed Grum
  7397 | D:7      | Reached XP level 10. HP: 46/77 MP: 9/9
  7562 | D:8      | Killed Grum
  8017 | D:9      | Reached skill level 10 in Armour
  8322 | D:10     | Entered Level 10 of the Dungeon
  8590 | D:10     | Noticed a two-headed ogre
  8609 | D:10     | Killed a two-headed ogre
  8609 | D:10     | Reached skill level 15 in Axes
  8961 | D:10     | Found a transporter.
  9035 | D:10     | Found a transporter.
  9041 | D:10     | Noticed viktor89's ghost (novice MfSu)
  9318 | D:11     | Found a transporter.
  9318 | D:11     | Found a runed translucent door.
  9322 | D:11     | Killed an unseen horror
  9322 | D:11     | Reached XP level 11. HP: 77/82 MP: 10/10
  9324 | D:11     | Noticed a two-headed ogre
  9324 | D:11     | Noticed an ogre mage
  9324 | D:11     | Noticed a tengu warrior
  9345 | D:11     | Noticed a centaur warrior
  9345 | D:11     | Noticed a centaur warrior
  9347 | D:11     | Noticed a seven-headed hydra
  9347 | D:11     | Noticed an orc knight
  9359 | D:11     | Killed a centaur warrior
  9380 | D:11     | Slain by an eight-headed hydra

Levels and vault maps discovered:
D:1:      minmay_arrival_four_circles, layout_basic
D:2:      layout_basic, lemuel_round_altar, nicolae_ru_awakened_eye,
          uniq_natasha
D:3:      layout_loops_ring, xom_redecorated, gup_sewer_entry_pipe
D:4:      layout_loops_ring, lemuel_coloured_pillars_altar, first_ration,
          amethyst_killhole
D:5:      layout_basic, led_sif_pool, uniq_sigmund, uniq_prince_ribbit1,
          uniq_duvessa
D:6:      layout_loops_corners, temple_pool_b, serial_bayou,
          serial_bayou_pond_e, serial_bayou_crossing, serial_bayou_pond_d,
          serial_bayou_shore_b, chequers_serial_rivers_small_b, uniq_grinder,
          uniq_blork_the_orc
D:7:      layout_loops_ring, enter_bailey_3, serial_shops, shop,
          kennysheep_minor_cross
D:8:      layout_gridville, cheibrodos_worm_habitat, lair_entry_dummy, uniq_grum
D:9:      layout_cave_pools
D:10:     layout_loops_ring, gammafunk_ghost_stat_death
D:11:     minmay_the_grid_triangle_9x9_recursive_2_mashed
          [minmay_the_grid_triangle_9x9_prize_insulated,
          minmay_the_grid_triangle_9x9_zippers_vertical,
          minmay_the_grid_triangle_9x9_cache,
          minmay_the_grid_triangle_9x9_subtriangle], layout_rooms, serial_shops,
          nicolae_shop_overgrown_old_shop, gammafunk_ghost_arena

Skill      XL: |  1  2  3  4  5  6  7  8  9 10 |
---------------+-------------------------------+-----
Axes           | 4 5 6 7 8 9 11 13 14 15 | 15.9
Armour         | 5 9 12 | 12.3
Fighting       | |  3.6
Dodging        | |  2.1

Action                   |  1- 3 |  4- 6 |  7- 9 | 10-12 || total
-------------------------+-------+-------+-------+-------++-------
Melee: Hand axe          |    73 |   159 |   120 |       ||   352
       Headbutt          |    11 |    25 |    61 |    55 ||   152
       War axe           |       |       |   202 |   241 ||   443
       Trident           |       |       |       |     5 ||     5
Invok: Berserk           |       |     1 |     1 |     1 ||     3
       Trog's Hand       |       |       |       |     1 ||     1
       Brothers in Arms  |       |       |       |     1 ||     1
Evoke: Wand              |       |       |       |     1 ||     1
  Use: Scroll            |       |    11 |     3 |     2 ||    16
  Eat: Chunk             |       |     7 |    13 |     8 ||    28
       Ration            |       |       |     1 |       ||     1
Armor: Ring mail         |    11 |       |       |       ||    11
       Animal skin       |     1 |       |       |       ||     1
       Scale mail        |    17 |    56 |    93 |       ||   166
       Plate armour      |       |       |    71 |   208 ||   279
Dodge: Dodged            |    45 |    62 |   159 |    93 ||   359
